 Dungeon Crawl Stone Soup version 0.20.0-6-gd3061e9 (webtiles) character file.

329 cereshysteria the Insei (level 6, -2/47 HPs)
             Began as a Demonspawn Monk on May 28, 2017.
             Was a Believer of Cheibriados.
             Slain by a killer bee (5 damage)
             ... on level 3 of the Dungeon.
             The game lasted 00:09:57 (3626 turns).

cereshysteria the Insei (Demonspawn Monk)           Turns: 3626, Time: 00:09:58

Health: -2/47      AC:  4    Str: 20    XL:     6   Next: 25%
Magic:  6/6        EV: 13    Int: 15    God:    Cheibriados [**....]
Gold:   164        SH:  0    Dex: 19    Spells: 5/5 levels left

rFire    . . .     SeeInvis .     - Unarmed
rCold    + . .     Gourm    .   (no shield)
rNeg     . . .     Faith    .   a - +0 robe
rPois    +         Spirit   .   l - +0 helmet
rElec    .         Reflect  .   (no cloak)
rCorr    .         Harm     .   e - +0 pair of gloves (curse)
MR       .....                  (no boots)
Stlth    +++.......             c - amulet of rage
Regen    0.0/turn               o - ring of protection from cold
MPRegen  0.1/turn               (no ring)

@: very slow
A: claws 1, talons 2, nightstalker 1, poison resistance, inhibited regeneration,
strong 1
a: Bend Time, Renounce Religion, Evoke Berserk Rage


You were on level 3 of the Dungeon.
You worshipped Cheibriados.
Cheibriados was pleased with you.
You were not hungry.

You visited 1 branch of the dungeon, and saw 3 of its levels.

You collected 164 gold pieces.

Inventory:

Armour
 a - a +0 robe (worn)
 e - a cursed +0 pair of gloves (worn)
 l - a +0 helmet (worn)
Jewellery
 c - an amulet of rage (around neck)
 g - a cursed -4 ring of strength {unknown}
 o - a ring of protection from cold (left hand)
Scrolls
 f - a scroll of identify
 j - 2 scrolls of remove curse {unknown}
 m - a scroll of amnesia
 n - a scroll of enchant weapon {unknown}
Potions
 h - a potion of curing
Comestibles
 b - a bread ration
 i - 2 meat rations
 k - a royal jelly


   Skills:
 - Level 3.0 Fighting
 - Level 2.7 Dodging
 - Level 1.7 Stealth
 + Level 6.4 Unarmed Combat


You had 5 spell levels left.
You didn't know any spells.

Dungeon Overview and Level Annotations

Branches:
Dungeon (3/15)

Altars:
Cheibriados
Hepliaklqana


Innate Abilities, Weirdness & Mutations

You have razor-sharp toenails.
You are slightly more attuned to the shadows.
You have sharp fingernails.
Your system is resistant to poisons. (rPois)
You do not regenerate when monsters are visible.
Your muscles are strong. (Str +2)


Message History

The killer bee is lightly wounded.
The killer bee stings you.
* * * LOW HITPOINT WARNING * * *
You punch the killer bee! You claw the killer bee.
The killer bee is severely wounded.
The killer bee stings you.
* * * LOW HITPOINT WARNING * * *
The killer bee barely misses you.
Okay, then.
You miss the killer bee. Your kick misses the killer bee.
The killer bee is severely wounded.
The killer bee closely misses you. The killer bee barely misses you.
You miss the killer bee.
You claw the killer bee, but do no damage.
The killer bee is severely wounded.
The killer bee barely misses you. The killer bee closely misses you.
You miss the killer bee.
The killer bee is severely wounded.
The killer bee stings you.
You die...

.#..#.##.#.##.#
.#..#.##.####.#
.##...##.####.#
....>.........#
..#...###.#.#.#
..#...#.......#
..#...........#
..............######
...............y@..#
..#............#####
.............#.#
..#.###.##.....#
....###.##...###
†............#
....#######..# ###.#
#..# ### ####


You could see a killer bee.

Vanquished Creatures
  Sigmund (D:2)
  2 orc wizards (D:3)
  3 adders (D:2)
  An ooze (D:1)
  3 worms
  2 dart slugs
  3 leopard geckos (D:3)
  5 orcs (D:3)
  A ball python (D:1)
  4 bats
  2 giant cockroaches (D:3)
  5 hobgoblins
  7 jackals (D:1)
  4 kobolds
  A quokka (D:2)
  7 frilled lizards
  6 goblins
  9 rats
66 creatures vanquished.

Notes
Turn   | Place    | Note
-------+----------+-------------------------------------------
     0 | D:1      | cereshysteria the Demonspawn Monk began the quest for the Orb.
     0 | D:1      | Reached XP level 1. HP: 18/18 MP: 1/1
   180 | D:1      | Reached skill level 3 in Unarmed Combat
   185 | D:1      | Gained mutation: You are slightly more attuned to the shadows. [demonic ancestry]
   185 | D:1      | Reached XP level 2. HP: 12/24 MP: 2/2
   689 | D:1      | Gained mutation: You have sharp toenails. [demonic ancestry]
   689 | D:1      | Reached XP level 3. HP: 29/29 MP: 3/3
   951 | D:2      | Reached skill level 4 in Unarmed Combat
  1683 | D:2      | Noticed Sigmund
  1684 | D:2      | Gained mutation: Your spells are a little harder to cast, but a little more powerful. [potion of mutation]
  1684 | D:2      | Gained mutation: Your flesh is cold resistant. (rC+) [potion of mutation]
  1684 | D:2      | Gained mutation: You passively map a small area around you. [potion of mutation]
  1684 | D:2      | Gained mutation: Your system is resistant to poisons. (rPois) [potion of mutation]
  1704 | D:2      | Killed Sigmund
  1704 | D:2      | Reached skill level 5 in Unarmed Combat
  1704 | D:2      | Reached XP level 4. HP: 19/35 MP: 4/4
  1704 | D:2      | Gained mutation: You have razor-sharp toenails. [demonic ancestry]
  1704 | D:2      | Reached XP level 5. HP: 23/41 MP: 5/5
  2394 | D:2      | Reached skill level 6 in Unarmed Combat
  2764 | D:2      | Lost mutation: Your spells are a little harder to cast, but a little more powerful. [potion of mutation]
  2764 | D:2      | Lost mutation: Your flesh is cold resistant. (rC+) [potion of mutation]
  2764 | D:2      | Lost mutation: You passively map a small area around you. [potion of mutation]
  2764 | D:2      | Gained mutation: Your muscles are strong. (Str +2) [potion of mutation]
  2764 | D:2      | Gained mutation: You do not regenerate when monsters are visible. [potion of mutation]
  2764 | D:2      | Gained mutation: You have sharp fingernails. [potion of mutation]
  2996 | D:3      | Found a hazy altar of Hepliaklqana.
  3162 | D:3      | Reached XP level 6. HP: 40/47 MP: 6/6
  3387 | D:3      | Found a snail-covered altar of Cheibriados.
  3409 | D:3      | Became a worshipper of Cheibriados the Contemplative
  3409 | D:3      | Reached * piety under Cheibriados
  3409 | D:3      | Reached ** piety under Cheibriados
  3473 | D:3      | Found a snail-covered altar of Cheibriados.
  3626 | D:3      | Slain by a killer bee

Skill      XL: |  1  2  3  4  5 |
---------------+----------------+-----
Unarmed Combat | 3 5 6 |  6.4
Fighting       | |  3.0
Dodging        | |  2.7
Stealth        | |  1.7

Action                   |  1- 3 |  4- 6 || total
-------------------------+-------+-------++-------
Melee: Unarmed           |   122 |    98 ||   220
       Punch             |     1 |     4 ||     5
       Kick              |    17 |    22 ||    39
  Use: Scroll            |     5 |     1 ||     6
       Potion            |     2 |     2 ||     4
 Stab: Sleeping          |     6 |     8 ||    14
  Eat: Bread ration      |     1 |     1 ||     2
Armor: Robe              |    17 |    20 ||    37
Dodge: Dodged            |   101 |    83 ||   184
